 Dungeon Crawl Stone Soup version 0.18.1-51-gd549091e01 (webtiles) character file.

41 Ge0ff the Grave Robber (level 3, -2/23 HPs)
             Began as a High Elf Necromancer on May 28, 2022.
             Slain by a gnoll
             ... wielding a +0 flail
              (12 damage)
             ... on level 1 of the Dungeon.
             The game lasted 00:05:12 (1556 turns).

Ge0ff the Grave Robber (High Elf Necromancer)       Turns: 1556, Time: 00:05:12

Health: -2/23      AC:  2    Str:  7    XL:     3   Next: 32%
Magic:  7/8        EV: 13    Int: 19    God:
Gold:   29         SH:  0    Dex: 16    Spells: 1 memorised, 7 levels left

rFire  . . .     SeeInvis .     a - +0 short sword
rCold  . . .     Gourm    .     w - +0 robe
rNeg   . . .     Faith    .     (no shield)
rPois  .         Spirit   .     (no helmet)
rElec  .         Dismiss  .     (no cloak)
rCorr  .         Reflect  .     (no gloves)
SustAt .         Harm     .     (no boots)
MR     .....                    (no amulet)
Stlth  ++........               (no ring)
                                C - +4 ring of slaying

@: flying (expiring), not resistant to hostile enchantments, unstealthy
A: no striking features
a: no special abilities


You were on level 1 of the Dungeon.
You were not hungry.

You visited 1 branch of the dungeon, and saw 2 of its levels.

You collected 29 gold pieces.

Inventory:

Hand Weapons
 a - a +0 short sword (weapon)
 x - a cursed -2 dagger
Missiles
 v - 31 stones (quivered)
Armour
 w - a +0 robe (worn)
 y - a +0 leather armour
Jewellery
 C - a +4 ring of slaying (left hand)
Scrolls
 A - a scroll of enchant armour
 D - a scroll of amnesia
 T - a scroll of teleportation
 U - a scroll of recharging {unknown}
Books
 b - a book of Necromancy

   Spells                             Type                      Level
   a - Pain                           Necromancy                   1
   b - Animate Skeleton               Necromancy                   1
   c - Vampiric Draining              Necromancy                   3
   d - Regeneration                   Charms/Necromancy            3
   e - Animate Dead                   Necromancy                   4
   f - Control Undead                 Necromancy                   4
Comestibles
 r - a bread ration
 E - 4 chunks of flesh


   Skills:
 - Level 1.1 Fighting
 - Level 2.1 Dodging
 - Level 2.1 Stealth
 - Level 3.0 Spellcasting
 * Level 3.8 Necromancy


You had 7 spell levels left.
You knew the following spells:

 Your Spells              Type           Power        Failure   Level  Hunger
k - Pain                  Necr           ###.         3%          1    None


Dungeon Overview and Level Annotations

Branches:
Dungeon (2/15)

Altars:


Message History

Magic restored.
HP restored.
Things that are here:
a halberd; a gnoll corpse
U - a scroll labeled EFEIM IFIOF 2 gnolls come into view.
The helpless gnoll fails to defend itself.
You hit the gnoll.
The gnoll is lightly wounded.
The gnoll closely misses you.
The gnoll shouts!
The gnoll throws a throwing net.
The throwing net hits you.
You become entangled in the net!
You see here a throwing net {=f}.
You try to slip out of the net.
You try to slip out of the net.
The gnoll hits you with a whip.
You struggle to escape the net.
The gnoll hits you with a flail. The gnoll closely misses you.
You struggle against the net.
The gnoll barely misses you. The gnoll hits you with a flail.
You slip out of the net!
The gnoll hits you with a whip.
* * * LOW HITPOINT WARNING * * *
The gnoll hits you with a flail.
* * * LOW HITPOINT WARNING * * *
Drink which item? (? for menu, Esc to quit)
You feel better.
Drink which item? (? for menu, Esc to quit)
It was a potion of flight.
You feel very buoyant.
You fly up into the air.
The gnoll hits you with a flail.
* * * LOW HITPOINT WARNING * * *
Things that are here:
a halberd; a gnoll corpse
There is a stone staircase leading up here.
There is a stone staircase leading up here.
Drink which item? (? for menu, Esc to quit)
You feel better.
You are starting to lose your buoyancy.
The gnoll barely misses you. The gnoll hits you with a flail.
You fly upwards.
There is a stone staircase leading down here.
Casting: Pain
Confirm with . or Enter, or press ? or * to list all spells.
Aiming: Pain
Press: ? - help, Shift-Dir - straight line, f - gnoll
Aim: a gnoll, wielding a flail (chance to defeat MR: 82%)
The gnoll convulses in agony!
The gnoll hits you with a flail!
Ouch! That really hurt!
You die...

.#####.#.#.######## #.#.##### #
.....#.#..........# #.#.# #
.###.#.#.#..#####.# #.#.# #
.#.....#.##.# #.# ##### #
)......#.##.# #.###############
.........##.# #..........#...##
.........##.# ############.<.##
#..P.....##.################...##
#...PP...##....g@.#.......###'###
#...P....##########.......###'###
#.#....#.# #.⌠.8.⌠.#......
#.##..##.##########.......'..>...
#.###.##..........#.......#......
#.# #.##.########################
#.# #.##.# ##.....# ###### #.#
#.##.# #..###.###..... ..# #.##.#
#.####.##......


You could see a gnoll.

Vanquished Creatures
  A gnoll (D:2)
  2 dart slugs (D:1)
  2 giant geckos (D:1)
  3 giant cockroaches (D:1)
  2 goblins (D:1)
  4 hobgoblins (D:1)
  4 kobolds (D:1)
  2 bats
  A giant newt (D:1)
  4 rats (D:1)
25 creatures vanquished.

Notes
Turn   | Place    | Note
--------------------------------------------------------------
     0 | D:1      | Ge0ff the High Elf Necromancer began the quest for the Orb.
     0 | D:1      | Reached XP level 1. HP: 11/11 MP: 4/4
   168 | D:1      | Reached skill level 1 in Fighting
   367 | D:1      | Reached XP level 2. HP: 16/18 MP: 3/6
  1256 | D:1      | Reached XP level 3. HP: 23/23 MP: 6/8
  1556 | D:1      | Slain by a gnoll

Skill      XL: |  1  2 |
---------------+-------+-----
Fighting       | 1 |  1.1
Spellcasting   | 3 |  3.0
Dodging        | |  2.1
Stealth        | |  2.1
Necromancy     | |  3.8

Action                   || total
-------------------------++-------
Melee: Unarmed           ||     1
       Short sword       ||    12
Throw: Stone             ||     8
 Cast: Pain              ||    41
  Use: Scroll            ||     4
       Potion            ||     3
 Stab: Sleeping          ||     3
  Eat: Chunk             ||     2
Armor: Robe              ||     2
Dodge: Dodged            ||    12

Vault maps used:
D:1:      dpeg_arrival_simpleton_b, serial_park_tiny_2
D:2:      nicolae_qazlal_eye_of_the_storm
